 Dungeon Crawl Stone Soup version 0.25.0-41-g26779e291d (webtiles) character file.

Game seed: 11193034789431512383

1523 Ethylacetat the Spear-Bearer (level 8, -9/58 HPs)
             Began as an Octopode Gladiator on July 10, 2020.
             Killed by divine providence
             ... invoked by an orc priest
              (11 damage)
             ... on level 6 of the Dungeon.
             The game lasted 00:07:12 (5752 turns).

Ethylacetat the Spear-Bearer (Octopode Gladiator)   Turns: 5752, Time: 00:07:13

Health: -9/58      AC:  1    Str: 16    XL:     8   Next: 84%
Magic:  8/8        EV: 14    Int: 10    God:
Gold:   229        SH:  5    Dex: 13    Spells: 7/7 levels left

rFire    + . .     SeeInvis .   C - +3 trident
rCold    . . .     Gourm    .   (no shield)
rNeg     . . .     Faith    .   b - +0 hat
rPois    .         Spirit   .   y - amulet of reflection
rElec    .         Reflect  +   x - ring of protection from fire
rCorr    .         Harm     .   (no ring)
MR       .....                  (no ring)
Stlth    ++........             (no ring)
HPRegen  0.19/turn              (no ring)
MPRegen  0.11/turn              (no ring)
                                (no ring)
                                (no ring)

@: no status effects
A: almost no armour, stealthy swim, amphibious, 8 rings, constrict 8, camouflage
1, gelatinous body 1
a: no special abilities


You were on level 6 of the Dungeon.
You were not hungry.

You visited 1 branch of the dungeon, and saw 6 of its levels.

You collected 229 gold pieces.

Inventory:

Hand Weapons
 C - a +3 trident (weapon)
Missiles
 c - 5 throwing nets (quivered)
Armour
 b - a +0 hat (worn)
Jewellery
 x - a ring of protection from fire (left tentacle)
 y - an amulet of reflection (around mantle)
Wands
 f - a wand of flame (14)
 o - a wand of paralysis (6)
 s - a wand of acid (3)
Scrolls
 e - 6 scrolls of identify {unknown}
 g - 2 scrolls of enchant armour {unknown}
 k - 2 scrolls of remove curse {unknown}
 l - 3 scrolls of enchant weapon {unknown}
 m - 2 scrolls of immolation {unknown}
 p - 2 scrolls of teleportation {unknown}
 v - 2 scrolls of magic mapping {unknown}
 A - a scroll of noise {unknown}
 B - a scroll of fear {unknown}
Potions
 h - a potion of lignification {unknown}
 i - 3 potions of curing {unknown}
 j - 2 potions of berserk rage {unknown}
 n - a potion of brilliance {unknown}
 q - a potion of degeneration {unknown}
 r - a potion of heal wounds {unknown}
 t - a potion of mutation {unknown}
 u - a potion of resistance {unknown}
 w - 2 potions of might {unknown}
Comestibles
 d - 14 rations
 z - 12 chunks of flesh


   Skills:
 + Level 6.4 Fighting
 * Level 9.3 Polearms
 - Level 2.0 Throwing
 - Level 3.0 Dodging


You had 7 spell levels left.
You didn't know any spells.
Your spell library was empty.

Dungeon Overview and Level Annotations

Branches:
Dungeon (6/15)
 Temple: D:4-7

Altars:
Dithmenos
Fedhas
Nemelex Xobeh
Trog
Uskayaw

Shops:
D:5 *


Innate Abilities, Weirdness & Mutations

You cannot wear most types of armour.
You are very stealthy in the water. (Stealth+)
You are amphibious.
You can wear up to eight rings at the same time.
You can use your tentacles to constrict eight enemies at once.
Your skin changes colour to match your surroundings (Stealth+).
Your rubbery body absorbs attacks. (AC +1, EV +1)


Message History

The orc priest is severely wounded.
The orc warrior hits you with a +0 war axe!
* * * LOW HITPOINT WARNING * * *
The orc priest closely misses you.
The orc priest calls down the wrath of Beogh upon you.
Beogh smites you!
* * * LOW HITPOINT WARNING * * *
You hear a bark!
Unknown command.
Unknown command.
Unknown command.
You are too injured to fight recklessly!
You are too injured to fight recklessly!
A hound comes into view.
The orc priest begins to cast a cantrip, but forgets the words!
You are too injured to fight recklessly!
The hound stops to sniff the ground.
The orc priest invokes the aid of Beogh against you.
Beogh smites you!
You die...

#... #...##.#)........##
#####..##.#.....÷..........
....:.............##.....#.
........†................).
..............#.#......####
............#.........#....
...............#####..#.##.
.....#.)..$..[## ##...##.
$.........@#.## #......
......#.o..#... #...####
........o$.##### .........
####.#.ho### .......###
#.#.o## ...... # ...... #
..##.... # #.# #....# #. .
.....# #.


You could see an orc warrior, a hound, 2 orc priests and an orc.

Vanquished Creatures
  A troll (D:6)
  2 sky beasts (D:5)
  2 ogres
  2 centaurs (D:5)
  Blork the orc (D:6)
  A water moccasin zombie (D:5)
  A scorpion (D:6)
  3 howler monkeys
  2 electric eels (D:3)
  A crimson imp (D:5)
  2 hounds (D:5)
  A jelly (D:5)
  Ijyb (D:3)
  Terence (D:2)
  4 worker ants
  8 adders
  A shadow imp (D:6)
  2 worms
  2 dart slugs
  A leopard gecko (D:6)
  6 orcs
  9 bats
  6 giant cockroaches
  10 goblins
  6 hobgoblins
  21 jackals
  5 quokkas
  A frilled lizard (D:3)
  6 kobolds
  A leopard gecko skeleton (D:4)
  10 rats
120 creatures vanquished.

Notes
Turn   | Place    | Note
-------+----------+-------------------------------------------
     0 | D:1      | Ethylacetat the Octopode Gladiator began the quest for the
                  | Orb.
     0 | D:1      | Reached XP level 1. HP: 14/14 MP: 1/1
   145 | D:1      | Reached XP level 2. HP: 19/19 MP: 2/2
   470 | D:1      | Reached XP level 3. HP: 25/25 MP: 3/3
   742 | D:2      | Noticed Terence
   750 | D:2      | Killed Terence
   750 | D:2      | Reached skill level 4 in Polearms
   762 | D:2      | Reached XP level 4. HP: 30/30 MP: 4/4
  1151 | D:2      | Reached XP level 5. HP: 25/36 MP: 5/5
  1431 | D:2      | Reached skill level 5 in Polearms
  2007 | D:3      | Found a sparkling altar of Nemelex Xobeh.
  2071 | D:3      | Found a transporter.
  2092 | D:3      | Found a bloodstained altar of Trog.
  2319 | D:3      | Found a transporter.
  2496 | D:3      | Reached XP level 6. HP: 10/43 MP: 6/6
  2808 | D:3      | Noticed Ijyb
  2817 | D:3      | Killed Ijyb
  3164 | D:4      | Reached skill level 6 in Polearms
  3582 | D:4      | Found a blossoming altar of Fedhas.
  4012 | D:5      | Entered Level 5 of the Dungeon
  4065 | D:5      | Noticed a sky beast
  4077 | D:5      | Killed a sky beast
  4077 | D:5      | Reached XP level 7. HP: 21/49 MP: 7/7
  4322 | D:4      | Reached skill level 7 in Polearms
  4558 | D:5      | Found Qixeav's General Store.
  4718 | D:5      | Reached skill level 5 in Fighting
  4958 | D:5      | Reached XP level 8. HP: 41/55 MP: 8/8
  5188 | D:5      | Reached skill level 8 in Polearms
  5585 | D:6      | Found a shadowy altar of Dithmenos.
  5585 | D:6      | Found a sparkling altar of Nemelex Xobeh.
  5586 | D:6      | Found a hide-covered altar of Uskayaw.
  5627 | D:6      | Noticed Blork the orc
  5635 | D:6      | Killed Blork the orc
  5718 | D:6      | Reached skill level 9 in Polearms
  5722 | D:6      | Noticed a troll
  5731 | D:6      | Killed a troll
  5749 | D:6      | HP: 1/58 [orc priest/divine providence (13)]
  5752 | D:6      | Killed from afar by an orc priest

Illustrated notes

Levels and vault maps discovered:
D:1:      wheals_arrival_shading, layout_basic, serial_corexii_hall,
          chequers_hall_statues_wall_a, chequers_hall_statues_corner_a,
          corexii_hall_statues_l, corexii_hall_statues_l
D:2:      minmay_recursive_quarters, layout_loops_corners, first_ration,
          uniq_terence
D:3:      gammafunk_steamed_eel, layout_basic, overflow_temple_1_default,
          nemelex_xobeh_ov_fountains_minmay, uniq_ijyb
D:4:      layout_loops_corners, fedhas_altar_2, serial_bayou,
          serial_bayou_pond_a, serial_bayou_shore_b, serial_bayou_pond_d,
          serial_bayou_pond_d
D:5:      layout_rooms, serial_shops, shop
D:6:      layout_rooms, gammafunk_temple_overflow_forgotten,
          lemuel_temple_firewalk_b, uniq_blork_the_orc

Skill      XL: |  1  2  3  4  5  6  7  8 |
---------------+-------------------------+-----
Polearms       | 4 5 6 7 9 |  9.3
Fighting       | 3 4 5 6 |  6.4
Throwing       | |  2.0
Dodging        | |  3.0

Action                   |  1- 3 |  4- 6 |  7- 9 || total
-------------------------+-------+-------+-------++-------
Melee: Trident           |    48 |   140 |   121 ||   309
       Tentacles         |     8 |    20 |    22 ||    50
       Constrict         |     9 |    32 |    17 ||    58
Evoke: Wand              |       |     2 |       ||     2
 Stab: Sleeping          |    11 |    11 |     3 ||    25
       Distracted        |       |     1 |       ||     1
  Eat: Chunk             |       |    10 |     5 ||    15
Armor: Skin              |       |     5 |     5 ||    10
Dodge: Dodged            |    14 |    57 |    57 ||   128
Block: Other             |       |       |    20 ||    20
